 Dungeon Crawl Stone Soup version 0.16-a0-3638-g6091178 (webtiles) character file.

193 Minkie the Cudgeler (level 5, -2/42 HPs)
             Began as a Demigod Fighter on Jan 15, 2015.
             Slain by a goliath beetle (24 damage)
             ... on level 3 of the Dungeon.
             The game lasted 00:14:25 (2567 turns).

Minkie the Cudgeler (Demigod Fighter)               Turns: 2567, Time: 00:14:25

Health: -2/42      AC: 11    Str: 19    XL:     5   Next: 19%
Magic:  8/8        EV:  7    Int: 14    God:
Gold:   83         SH:  9    Dex: 15    Spells: 0 memorised, 4 levels left

rFire  . . .     SeeInvis .     a - +0 flail
rCold  . . .     Clarity  .     b - +0 scale mail
rNeg   . . .     SustAb   +     c - +0 shield
rPois  .         Gourm    .     (no helmet)
rElec  .         Spirit   .     (no cloak)
rCorr  .         Warding  .     (no gloves)
rMut   .         Rnd*Tele +     o - +0 pair of boots
MR     .....                    (no amulet)
Stlth  ..........               r - ring of teleportation (curse)
                                q - +4 ring of protection

@: not resistant to hostile enchantments, extremely unstealthy
A: sustain abilities
a: Evoke Teleportation


You were on level 3 of the Dungeon.
You were not hungry.

You visited 1 branch of the dungeon, and saw 3 of its levels.

You collected 83 gold pieces.

Inventory:

Hand weapons
 a - a +0 flail (weapon)
Armour
 b - a +0 scale mail (worn)
 c - a +0 shield (worn)
 o - a +0 pair of boots (worn)
Jewellery
 k - an uncursed ring of positive energy
 q - a +4 ring of protection (left hand)
 r - a cursed ring of teleportation (right hand)
 t - an uncursed ring of see invisible
 u - an uncursed ring of protection from magic
Scrolls
 m - a scroll of teleportation
Potions
 e - a potion of might
 i - a potion of agility
 j - 2 potions of heal wounds
 l - 2 potions of brilliance
 n - 2 potions of curing {unknown}
 p - a potion of haste
Comestibles
 d - 6 bread rations
 f - a beef jerky
 g - a royal jelly
 h - a slice of pizza
 s - a meat ration
 v - a chunk of flesh


   Skills:
 - Level 2.6 Fighting
 + Level 5.2 Maces & Flails
 - Level 2.6 Armour
 - Level 2.6 Shields


You had 4 spell levels left.
You didn't know any spells.

Dungeon Overview and Level Annotations

Branches:
Dungeon (3/15)


Innate Abilities, Weirdness & Mutations

Your attributes are resistant to harm.


Message History

The goliath beetle is moderately wounded.
The goliath beetle bites you but does no damage.
You sock the goliath beetle!
The goliath beetle is heavily wounded.
The goliath beetle closely misses you.
You hit the goliath beetle.
The goliath beetle is heavily wounded.
You hit the goliath beetle but do no damage.
The goliath beetle is heavily wounded.
You block the goliath beetle's attack.
You hit the goliath beetle but do no damage.
The goliath beetle is heavily wounded.
You hit the goliath beetle.
The goliath beetle is heavily wounded.
You block the goliath beetle's attack.
You hit the goliath beetle.
The goliath beetle is severely wounded.
The goliath beetle bites you!!
Ouch! That really hurt!
You die...

#.#.................#..........
#.#.................#..........
#.#...............#.#.#........
#.#...............#.#.#........
#.#...............#.#....).....
#.##..............#.###....).รท.
..###.....#.................<).
### ##########....##.##........
#@...# #....(... #B>..#
#(....... #....# #........
#....# #........ ##..## ........
..# ......# ### .###


You could see a goliath beetle.

Vanquished Creatures
  An orc priest (D:3)
  4 gnolls (D:2)
  3 adders
  A giant mite (D:2)
  2 worms
  2 oozes
  4 orcs
  A giant cockroach (D:2)
  13 hobgoblins
  3 jackals (D:3)
  5 kobolds
  A quokka (D:2)
  2 ball pythons
  9 bats
  4 giant geckos
  2 giant newts (D:2)
  9 goblins
  4 rats
70 creatures vanquished.

Notes
Turn   | Place    | Note
--------------------------------------------------------------
     0 | D:1      | Minkie, the Demigod Fighter, began the quest for the Orb.
     0 | D:1      | Reached XP level 1. HP: 18/18 MP: 2/2
   175 | D:1      | Reached XP level 2. HP: 19/25 MP: 3/3
   864 | D:2      | Reached skill level 3 in Maces & Flails
  1160 | D:2      | Reached XP level 3. HP: 27/30 MP: 5/5
  1235 | D:2      | Reached skill level 4 in Maces & Flails
  1244 | D:2      | Reached XP level 4. HP: 9/37 MP: 7/7
  2071 | D:3      | Found an iron altar of Okawaru.
  2231 | D:3      | Reached skill level 5 in Maces & Flails
  2231 | D:3      | Reached XP level 5. HP: 28/42 MP: 8/8
  2567 | D:3      | Slain by a goliath beetle

Action                   |  1- 3 |  4- 6 || total
-------------------------+-------+-------++-------
Melee: Flail             |   138 |   136 ||   274
  Use: Scroll            |       |     6 ||     6
       Potion            |       |     2 ||     2
  Eat: Chunk             |     1 |     5 ||     6
